 Dungeon Crawl Stone Soup version 0.30-a0-359-gd0147acb1a (webtiles) character file.

Game seed: 12238978436400090137

113 Asagix the Ruffian (level 4, -2/52 HPs)
             Began as a Demonspawn Berserker on Nov 11, 2022.
             Was a Believer of Trog.
             Constricted to death by Terence (5 damage)
             ... on level 3 of the Dungeon on Nov 12, 2022.
             The game lasted 00:07:16 (2528 turns).

Asagix the Ruffian (Demonspawn Berserker)           Turns: 2528, Time: 00:07:17

Health: -2/52      AC: 12    Str: 23    XL:     4   Next: 65%
Magic:  4/4        EV:  9    Int:  8    God:    Trog [**....]
Gold:   154        SH:  0    Dex: 12    Spells: 3/3 levels left

rFire   . . .      SeeInvis .      - Unarmed
rCold   . . .      Faith    .    (no shield)
rNeg    . . .      Spirit   .    p - +1 leather armour of the Sky {Str+3}
rPois   .          Reflect  .    b - +0 helmet
rElec   .          Harm     .    g - scarf {+Inv}
rCorr   +          Rampage  .    (no gloves)
Will    .....                    j - +0 pair of boots
Stlth   ..........               t - amulet of magic regeneration
HPRegen 0.28/turn                i - ring of resist corrosion
MPRegen 0.49/turn                (no ring)

@: berserking, grasped by roots, sanguine armoured, constricted, very quick
A: claws 1, sanguine armour 1
a: Renounce Religion, Evoke Invisibility, Berserk, Trog's Hand


You were on level 3 of the Dungeon.
You worshipped Trog.
Trog was pleased with you.
You visited 1 branch of the dungeon, and saw 3 of its levels.

You collected 154 gold pieces.

Inventory:

Hand Weapons
 y - a +1 dagger of freezing
Armour
 a - a +0 animal skin
 b - a +0 helmet (worn)
 g - a scarf of invisibility (worn)
 j - a +0 pair of boots (worn)
 p - the +1 leather armour of the Sky (worn) {Str+3}
   (You found it on level 2 of the Dungeon)

   Str:       It affects your strength (+3).
 B - a +0 helmet
Magical Staves
 s - a staff of cold
Jewellery
 i - a ring of resist corrosion (left claw)
 t - an amulet of magic regeneration (around neck)
 u - a ring of protection from fire
Scrolls
 c - a scroll of enchant weapon {unknown}
 e - 3 scrolls of butterflies {unknown}
 f - a scroll of immolation {unknown}
 h - a scroll of noise {unknown}
 k - 5 scrolls of identify {unknown}
 l - a scroll of teleportation {unknown}
 m - a scroll of magic mapping {unknown}
 o - a scroll of brand weapon {unknown}
 q - a scroll of fear {unknown}
 v - a scroll of silence {unknown}
 w - a scroll of enchant armour {unknown}
Potions
 d - 2 potions of heal wounds {unknown}
 n - a potion of might {unknown}
 r - a potion of lignification {unknown}
 x - a potion of haste
 z - a potion of curing {unknown}
 A - a potion of brilliance {unknown}
 C - a potion of resistance {unknown}


   Skills:
 + Level 3.5 Fighting
 + Level 2.0 Armour
 + Level 2.3 Dodging
 + Level 1.0 Stealth
 + Level 4.0 Unarmed Combat


You had 3 spell levels left.
You didn't know any spells.
Your spell library contained the following spells:

 Spells                   Type           Power      Damage    Failure   Level
 Slow                     Hex            0%         N/A       45%         1
 Confusing Touch          Hex            0%         N/A       83%         3
 Frozen Ramparts          Ice            0%         1d1       83%         3
 Ignite Poison            Fire/Tmut/Pois 0%         N/A       83%         3
 Kindle Blastsparks       Fire/Tloc/Air  0%         2d10      83%         3
 Vampiric Draining        Necr           0%         2d6       83%         3
 Ice Form                 Ice/Tmut       0%         N/A       99%         4
 Summon Ice Beast         Ice/Summ       0%         N/A       99%         4
 Freezing Cloud           Conj/Ice/Air   0%         6-21      100%        5


Dungeon Overview and Level Annotations

Branches:
Dungeon (3/15)

Altars:

Annotations:
D:3 Terence


Innate Abilities, Weirdness & Mutations

You have sharp fingernails.
When seriously injured, your blood forms armour. (AC +6)


Message History

Terence is moderately wounded.
Terence zaps a wand.
The roots erupt in riotous growth!
The grasping roots grab you!
Terence is unaffected.
The grasping roots constrict you.
Your blood congeals into armour.
You barely miss Terence.
Terence is moderately wounded.
Terence hits you but does no damage. The grasping roots constrict you.
You closely miss Terence. You claw Terence, but do no damage.
Terence is moderately wounded.
Terence hits you with a +0 flail. The grasping roots constrict you.
You scratch Terence.
Terence is severely wounded.
You barely miss Terence.
Terence is severely wounded.
Terence hits you with a +0 flail. The grasping roots constrict you.
The grasping roots release their grip on you.
You completely miss Terence.
Terence is severely wounded.
Terence barely misses you.
You closely miss Terence.
Terence is severely wounded.
Terence zaps a wand.
The roots erupt in riotous growth!
The grasping roots grab you!
Terence is unaffected.
The grasping roots constrict you.
* * * LOW HITPOINT WARNING * * *
You scratch Terence but do no damage.
Terence is severely wounded.
Terence hits you with a +0 flail.
* * * LOW HITPOINT WARNING * * *
The grasping roots constrict you.
* * * LOW HITPOINT WARNING * * *
You scratch Terence.
Terence is almost dead.
Terence hits you but does no damage. The grasping roots constrict you.
* * * LOW HITPOINT WARNING * * *
A red film seems to cover your vision as you go berserk!
You feel yourself moving faster!
You feel mighty! Terence hits you but does no damage.
The grasping roots constrict you.
You die...

### ..# #.#
###.#######
#..@....... #.#@#
#.###.#.# #.......#
##+## #.###.#.#
##...## #.#.##
##.....## #.#..###
##......<##
#......###.........#
##.....†.'.........'
##....###^........#


You could see Terence.

Vanquished Creatures
  3 gnolls (D:3)
  2 adders (D:2)
  2 worms
  A dart slug (D:2)
  An orc (D:3)
  5 endoplasms
  2 giant cockroaches (D:2)
  10 goblins
  3 hobgoblins
  A jackal (D:1)
  3 quokkas
  9 ball pythons
  2 bats (D:1)
  2 frilled lizards (D:3)
  6 kobolds
  2 rats (D:2)
54 creatures vanquished.

Notes
Turn   | Place    | Note
-------+----------+-------------------------------------------
     0 | D:1      | Asagix the Demonspawn Berserker began the quest for the
                  | Orb.
     0 | D:1      | Reached XP level 1. HP: 18/18 MP: 1/1
    36 | D:1      | Upgraded the game from 0.30-a0-358-g0d69a1922f to
                  | 0.30-a0-359-gd0147acb1a
   338 | D:1      | Gained mutation: When seriously injured, your blood forms
                  | armour. (AC +6) [demonic ancestry]
   338 | D:1      | Reached XP level 2. HP: 24/24 MP: 2/2
   813 | D:2      | Reached skill level 3 in Unarmed Combat
   995 | D:2      | Reached XP level 3. HP: 21/29 MP: 3/3
  1135 | D:2      | Identified the +1 leather armour of the Sky {Str+3}
  1148 | D:2      | Reached ** piety under Trog
  1984 | D:3      | Gained mutation: You have sharp fingernails. [demonic
                  | ancestry]
  1984 | D:3      | Reached XP level 4. HP: 31/35 MP: 4/4
  2183 | D:3      | Reached skill level 1 in Stealth
  2187 | D:3      | Reached skill level 4 in Unarmed Combat
  2513 | D:3      | Noticed Terence
  2528 | D:3      | Constricted to death by Terence

Illustrated notes

Levels and vault maps discovered:
D:1:      lemuel_arrival_cross, layout_basic, serial_bayou_pond_d,
          minmay_small_reverse_x
D:2:      layout_loops_ring, st_stairs_3, chequers_serial_rivers_small_b,
          minmay_pentomino_u2
D:3:      minmay_angry_zag, layout_loops_corners, uniq_terence

Skill      XL: |  1  2  3  4 |
---------------+-------------+-----
Dodging        | 2 |  2.3
Unarmed Combat | 3 4 |  4.0
Armour         | 2 |  2.0
Stealth        | 1 |  1.0
Fighting       | |  3.5

Action                   |  1- 3 |  4- 6 || total
-------------------------+-------+-------++-------
Melee: Unarmed           |   120 |    54 ||   174
       Punch             |     5 |     2 ||     7
Invok: Berserk           |     1 |     1 ||     2
 Stab: Sleeping          |     2 |       ||     2
Armor: Animal skin       |    27 |       ||    27
       Leather armour    |    18 |    12 ||    30
Dodge: Dodged            |    79 |    19 ||    98

Table legend: (Time is in decaauts)
 A = Elapsed time spent in this place.
 B = Non-inter-level travel time spent in this place.
 C = Inter-level travel time spent in this place.
 D = Time resting spent in this place.
 E = Time spent auto-exploring this place.
 F = Levels seen in this place.
 G = Mean time per level.
                   A        B        C        D        E       F      G
               +--------+--------+--------+--------+--------+-----+--------+
         Total |   2531 |   2470 |     61 |     48 |   1840 |   3 |  843.7 |
       Dungeon |   2531 |   2470 |     61 |     48 |   1840 |   3 |  843.7 |
               +--------+--------+--------+--------+--------+-----+--------+

Top non-repeatable levels by time:
     D:3: 880 daAuts
     D:2: 830 daAuts
     D:1: 820 daAuts
